 Dungeon Crawl Stone Soup version 0.24-a0-244-ga6a6ab7 (webtiles) character file.

Game seed: 8019704518291009422

820 Leeroy the Zephyrmancer (level 7, -2/44 HPs)
             Began as a Tengu Air Elementalist on Apr 11, 2019.
             Was an Initiate of Vehumet.
             Shot with an arrow by a centaur (7 damage)
             ... on level 5 of the Dungeon.
             The game lasted 00:22:21 (6251 turns).

Leeroy the Zephyrmancer (Tengu Air Elementalist)    Turns: 6251, Time: 00:22:21

Health: -2/44      AC:  5    Str: 10    XL:     7   Next: 95%
Magic:  11/11      EV: 13    Int: 15    God:    Vehumet [......]
Gold:   255        SH:  0    Dex: 15    Spells: 4/10 levels left

rFire    . . .     SeeInvis .   J - +1 dagger (venom)
rCold    + . .     Gourm    .   (no shield)
rNeg     . . .     Faith    .   A - +2 robe {rC+}
rPois    .         Spirit   .   (helmet restricted)
rElec    .         Reflect  .   r - +0 cloak
rCorr    .         Harm     .   (no gloves)
MR       .....                  (boots unavailable)
Stlth    ++........             (no amulet)
HPRegen  0.14/turn              (no ring)
MPRegen  0.12/turn              (no ring)

@: no status effects
A: beak, talons 3, able to fly
a: Fly, Renounce Religion


You were on level 5 of the Dungeon.
You worshipped Vehumet.
Vehumet was noncommittal.
You were hungry.

You visited 2 branches of the dungeon, and saw 6 of its levels.

You collected 255 gold pieces.

Inventory:

Hand Weapons
 m - a +0 short sword
 w - a +1 dagger of venom
 x - a +0 trident
 y - a +0 war axe
 J - a +1 dagger of venom (weapon)
Missiles
 i - 70 stones (quivered)
 k - 45 bolts
 o - 44 arrows
 H - 20 sling bullets
Armour
 a - a +0 robe
 f - a +0 plate armour
 g - a +0 ring mail
 q - a +0 scale mail
 r - a +0 cloak (worn)
 A - a +2 robe of cold resistance (worn)
Jewellery
 u - an uncursed ring of magical power {unknown}
 v - an uncursed ring of protection from cold {unknown}
Wands
 z - a wand of clouds (6)
 I - a wand of iceblast (10)
 K - a wand of paralysis (8)
Scrolls
 d - 2 scrolls of amnesia {unknown}
 h - 2 scrolls of fog {unknown}
 j - 3 scrolls of enchant armour {unknown}
 l - 3 scrolls of enchant weapon {unknown}
 n - 4 scrolls of teleportation {unknown}
 p - 4 scrolls of remove curse {unknown}
 C - a scroll of immolation {unknown}
 D - 2 scrolls of random uselessness {unknown}
 F - 3 scrolls of identify {unknown}
Potions
 b - a potion of might {unknown}
 e - 3 potions of curing {unknown}
 s - a potion of berserk rage {unknown}
 t - a potion of cancellation {unknown}
 B - 2 potions of invisibility {unknown}
 E - a potion of ambrosia {unknown}
 G - a potion of lignification {unknown}
 L - a potion of brilliance {unknown}
Comestibles
 c - 5 rations
 M - 2 chunks of flesh


   Skills:
 + Level 4.6 Fighting
 + Level 3.2 Short Blades
 - Level 2.5 Armour
 - Level 2.2 Dodging
 - Level 2.0 Stealth
 - Level 2.1 Spellcasting
 - Level 2.5 Conjurations
 - Level 8.1 Air Magic


You had 4 spell levels left.
You knew the following spells:

 Your Spells              Type           Power        Failure   Level  Hunger
a - Shock                 Conj/Air       ###.         2%          1    #......
b - Swiftness             Chrm/Air       ##......     6%          2    ###....
c - Static Discharge      Conj/Air       ###.....     8%          3    ###....

Your spell library contained the following spells:

 Spells                   Type           Power        Failure   Level  Hunger
 Airstrike                Air            ####......   8%          4    #####..
 Lightning Bolt           Conj/Air       ###.......   56%         5    ######.


Dungeon Overview and Level Annotations

Branches:
Dungeon (5/15)             Temple (1/1) D:4

Altars:
Ashenzari
Cheibriados
Dithmenos
Elyvilon
Fedhas
Gozag
Hepliaklqana
Kikubaaqudgha
Makhleb
Nemelex Xobeh
Okawaru
Qazlal
Ru
Sif Muna
Trog
Uskayaw
Vehumet
Wu Jian
Xom
Zin
The Shining One


Innate Abilities, Weirdness & Mutations

You have a beak for a mouth.
You have claws for feet.
You can fly continuously.


Message History

Here: an angel, wielding a +3 whip of holy wrath and wearing a +0 robe (haloed, fire blocked by a translucent rock wall)
The floor.
There is an open door here.
You see here a necrophage corpse.
Magic restored.
A centaur comes into view.
The centaur shouts!
The centaur wields a +0 shortbow.
The centaur shoots an arrow.
The arrow hits you!
Found a blue potion.
You see here an arrow.
The centaur shoots an arrow.
The arrow hits you!
You see here an arrow.
A centaur is nearby!
You are feeling hungry.
The centaur shoots an arrow.
The arrow hits you!
The centaur shoots an arrow.
The arrow hits you!
* * * LOW HITPOINT WARNING * * *
The centaur shoots an arrow.
The arrow hits you!
You die...

######################
#....@................
##c##################.
#.....######## ##
####c........# #
#.........# #.........####
. #c............
....######.........######
...c...(.(.......รท......#


You could see a centaur.

Vanquished Creatures
  4 ogres
  A necrophage (D:5)
  A crimson imp (D:5)
  An orc priest (D:3)
  2 hounds (D:4)
  3 orc wizards
  2 worker ants (D:4)
  A hound zombie (D:5)
  A hound skeleton (D:5)
  3 adders
  3 worms
  A dart slug (D:4)
  5 leopard geckos
  11 orcs
  4 giant cockroaches
  8 goblins
  4 hobgoblins
  2 jackals (D:3)
  A quokka (D:2)
  2 ball pythons (D:3)
  4 bats
  4 frilled lizards
  8 kobolds
  A quokka skeleton (D:4)
  8 rats
85 creatures vanquished.

Notes
Turn   | Place    | Note
-------+----------+-------------------------------------------
     0 | D:1      | Leeroy the Tengu Air Elementalist began the quest for the
                  | Orb.
     0 | D:1      | Reached XP level 1. HP: 10/10 MP: 4/4
   853 | D:2      | Reached XP level 2. HP: 12/15 MP: 6/6
   859 | D:2      | Noticed an ogre
  1007 | D:2      | Learned a level 2 spell: Swiftness
  1081 | D:2      | Found a glowing golden altar of the Shining One.
  1118 | D:2      | You fall through a shaft!
  1236 | D:3      | Reached skill level 5 in Air Magic
  1261 | D:3      | Reached XP level 3. HP: 19/19 MP: 1/7
  1262 | D:3      | Noticed an ogre
  1295 | D:4      | Found a shadowy altar of Dithmenos.
  1319 | D:4      | Found a burning altar of Makhleb.
  1326 | D:4      | Noticed an ogre
  1353 | D:2      | Found an ancient bone altar of Kikubaaqudgha.
  1494 | D:2      | Noticed a moth of wrath
  1497 | D:2      | Found a bloodstained altar of Trog.
  2647 | D:3      | Learned a level 3 spell: Static Discharge
  2956 | D:2      | Reached XP level 4. HP: 21/24 MP: 1/8
  3409 | D:2      | Found a deep blue altar of Sif Muna.
  3630 | D:2      | Killed an ogre
  3630 | D:2      | Reached skill level 6 in Air Magic
  3630 | D:2      | Gained mutation: You can fly continuously. [Tengu growth]
  3630 | D:2      | Reached XP level 5. HP: 27/28 MP: 9/9
  3661 | D:3      | Reached skill level 1 in Armour
  3671 | D:3      | Reached skill level 7 in Air Magic
  3792 | D:3      | Killed an ogre
  3792 | D:3      | Reached XP level 6. HP: 10/32 MP: 5/10
  4556 | D:3      | Reached skill level 8 in Air Magic
  4852 | D:3      | Reached XP level 7. HP: 34/36 MP: 8/11
  5353 | D:4      | Found a staircase to the Ecumenical Temple.
  5372 | Temple   | Entered the Ecumenical Temple
  5427 | Temple   | Became a worshipper of Vehumet
  6067 | D:5      | Entered Level 5 of the Dungeon
  6187 | D:5      | Found a glowing silver altar of Zin.
  6190 | D:5      | Noticed an angel
  6251 | D:5      | Shot with an arrow by a centaur

Levels and vault maps discovered:
D:1:      dpeg_arrival_round_b, layout_basic
D:2:      layout_basic, overflow_temple_1_default, lemuel_blue_sif_altar,
          tso_altar, tgw_trog
D:3:      layout_basic, grunt_ministairs_13, kennysheep_big_empty_room
D:4:      layout_basic, nicolae_overflow_hidden_temple,
          minmay_temple_entry_large_hall, minmay_bisected
D:5:      layout_rooms, zin_angel, old_standard_altar, serial_shops,
          nicolae_shop_waterfront, first_ration
Temple:   eino_temple_water

Skill      XL: |  1  2  3  4  5  6  7 |
---------------+----------------------+-----
Air Magic      | 5 6 7 8 |  8.1
Conjurations   | 2 |  2.5
Short Blades   | 2 3 |  3.2
Armour         | 1 2 |  2.5
Fighting       | 4 |  4.6
Dodging        | |  2.2
Stealth        | |  2.0
Spellcasting   | |  2.1

Action                   |  1- 3 |  4- 6 |  7- 9 || total
-------------------------+-------+-------+-------++-------
Melee: Short sword       |    30 |       |       ||    30
       Unarmed           |     8 |       |       ||     8
       Peck              |     6 |    10 |     7 ||    23
       Kick              |    14 |    17 |    14 ||    45
       Trident           |    20 |     5 |       ||    25
       Dagger            |    18 |    51 |    46 ||   115
Throw: Stone             |     4 |       |       ||     4
 Cast: Shock             |    65 |    27 |    15 ||   107
       Swiftness         |     1 |     1 |       ||     2
       Static Discharge  |       |     1 |     5 ||     6
 Stab: Sleeping          |     4 |       |     2 ||     6
  Eat: Chunk             |     4 |     3 |     5 ||    12
       Ration            |     1 |     1 |       ||     2
Armor: Robe              |    12 |     3 |    10 ||    25
Dodge: Dodged            |    54 |    29 |    26 ||   109

Table legend:
 A = Non-vault XP
 B = Vault XP
 C = Vault XP percentage of total XP
 D = Non-vault monster count
 E = Vault monster count
 F = Vault count percentage of total count
                 A         B        C        D         E       F
            +---------+---------+-------+---------+---------+-------
      Total |    1064 |     108 |   9.2 |      76 |       9 |  10.6
            +---------+---------+-------+---------+---------+-------
        D:1 |       8 |       0 |   0.0 |       5 |       0 |   0.0
        D:2 |     189 |      12 |   6.0 |      19 |       4 |  17.4
        D:3 |     557 |       4 |   0.7 |      39 |       2 |   4.9
        D:4 |      99 |      92 |  48.2 |       8 |       3 |  27.3
        D:5 |     211 |       0 |   0.0 |       5 |       0 |   0.0
            +---------+---------+-------+---------+---------+-------
